 Dungeon Crawl Stone Soup version 0.31.0-11-ge490571c62 (webtiles) character file.

Game seed: 12063371498207653835

606 atarun the Chopper (level 7, -6/61 HPs)
             Began as a Minotaur Fighter on Jan 26, 2024.
             Mangled by an ogre
             ... wielding a +0 giant club
              (27 damage)
             ... on level 4 of the Dungeon on Jan 27, 2024.
             The game lasted 00:06:51 (3515 turns).

atarun the Chopper (Minotaur Fighter)               Turns: 3515, Time: 00:06:51

Health: -6/61      AC:  7    Str: 23    XL:     7   Next: 19%
Magic:  6/6        EV:  9    Int:  5    God:
Gold:   188        SH:  5    Dex:  9    Spells: 6/6 levels left

rFire   . . .        a - +0 war axe
rCold   . . .        c - +1 buckler
rNeg    . . .        b - +0 scale mail
rPois   .            (helmet restricted)
rElec   .            (no cloak)
rCorr   .            (no gloves)
SInv    .            (no boots)
Will    .....        (no amulet) Stlth
                     (no ring)
HPRegen 0.30/turn    (no ring)
MPRegen 0.10/turn

%: no passive effects
@: no status effects
A: horns 2, retaliatory headbutt
a: no special abilities


You were on level 4 of the Dungeon.
You visited 1 branch of the dungeon, and saw 5 of its levels.

You collected 188 gold pieces.

Inventory:

Hand Weapons
 a - a +0 war axe (weapon)
Missiles
 f - 57 stones (quivered)
 k - 3 curare-tipped darts
Armour
 b - a +0 scale mail (worn)
 c - a +1 buckler (worn)
Scrolls
 e - a scroll of revelation
 g - 3 scrolls of fear
 o - a scroll of enchant weapon {unknown}
 p - 2 scrolls of teleportation {unknown}
Potions
 d - 2 potions of might
 h - a potion of mutation {unknown}
 i - 5 potions of curing
 j - 2 potions of heal wounds {unknown}
 l - a potion of lignification {unknown}
 m - 2 potions of haste {unknown}
 n - a potion of experience {unknown}
 q - a potion of degeneration {unknown}


   Skills:
 + Level 5.0 Fighting
 * Level 7.4 Axes
 + Level 5.4 Armour
 + Level 4.6 Shields


You had 6 spell levels left.
You didn't know any spells.
Your spell library contained the following spells:

 Spells                   Type           Power      Damage    Failure   Level
 Freeze                   Ice            0%         1d3       83%         1
 Sandblast                Erth           0%         2d4       83%         1
 Frozen Ramparts          Ice            0%         1d1       99%         3
 Hailstorm                Conj/Ice       0%         3d5       99%         3
 Passwall                 Erth           0%         N/A       99%         3
 Stone Arrow              Conj/Erth      0%         3d7       99%         3
 Brom's Barrelling Bould  Conj/Erth      0%         2d3       100%        4


Dungeon Overview and Level Annotations

Branches:
Dungeon (5/15)
 Temple: D:4-7

Altars:


Innate Abilities, Weirdness & Mutations

You have a pair of horns on your head.
You reflexively headbutt those who attack you in melee.


Message History

You hit the iguana.
The iguana is moderately wounded.
The gnoll hits you from afar with a +0 spear.
The iguana bites you!
You hit the iguana but do no damage.
The iguana is moderately wounded.
The gnoll hits you but does no damage. The iguana bites you.
You closely miss the iguana.
The iguana is moderately wounded.
You block the gnoll's attack. The iguana barely misses you.
You furiously retaliate!
You headbutt the iguana. You barely miss the iguana.
The iguana is severely wounded.
The gnoll hits you from afar with a +0 spear.
You block the iguana's attack.
You slash the iguana!
You kill the iguana!
The gnoll hits you from afar with a +0 spear. x2
You block the gnoll's attack.
You climb upwards.
There is a stone staircase leading down here.
You start resting.
HP restored.
You can't go up here!
You climb downwards.
You block the ogre's attack.
There is a stone staircase leading up, spattered with blood here.
You hit the ogre but do no damage.
The gnoll hits you from afar with a +0 spear.
The ogre hits you with a +0 giant club!!
You closely miss the ogre. You headbutt the ogre!
The ogre is moderately wounded.
The gnoll hits you from afar with a +0 spear.
You block the gnoll's attack. The ogre hits you with a +0 giant club!
The gnoll hits you but does no damage.
You climb upwards.
There is a stone staircase leading down here.
You slash the ogre!
The ogre is severely wounded.
The ogre hits you with a +0 giant club!!
You die...

...........##...##.#..###
............#...#.....##
...................##..#
.#.................##.##
.###...................#
..####.................#
..####.................#
....##.#.............###
..##...#.......O@....#
.....#.#............####
.#...##..........#)....##
...#............##......#
...#............###....###
....###.........#......>.##
...####...........##......#
...............####.......#
#...##................##.##


You could see an ogre.

Vanquished Creatures
  An ice beast (D:4)
  A gnoll sergeant (D:5)
  2 scorpions (D:4)
  2 bombardier beetles (D:4)
  A jelly (D:4)
  A hound (D:4)
  Jessica (D:3)
  An iguana (D:5)
  An orc wizard (D:3)
  5 gnolls
  4 adders
  5 orcs
  6 bats
  5 endoplasms
  4 giant cockroaches
  5 hobgoblins
  4 jackals (D:1)
  A quokka (D:1)
  5 ball pythons
  4 frilled lizards
  3 goblins
  3 kobolds
  5 rats
70 creatures vanquished.

Notes
Turn   | Place    | Note
-------+----------+-------------------------------------------
     0 | D:1      | atarun the Minotaur Fighter began the quest for the Orb.
     0 | D:1      | Reached XP level 1. HP: 19/19 MP: 0/0
    25 | D:1      | Found a faded altar of an unknown god.
   194 | D:1      | Reached XP level 2. HP: 26/27 MP: 1/1
   882 | D:1      | Reached skill level 3 in Axes
   882 | D:1      | Reached XP level 3. HP: 33/33 MP: 2/2
  1019 | D:2      | Reached XP level 4. HP: 29/40 MP: 3/3
  1480 | D:3      | Reached skill level 4 in Axes
  2047 | D:3      | Noticed Jessica
  2065 | D:3      | Killed Jessica
  2202 | D:3      | Reached XP level 5. HP: 46/47 MP: 4/4
  2586 | D:4      | Reached skill level 5 in Axes
  2640 | D:4      | Noticed an ice beast
  2720 | D:4      | Killed an ice beast
  2721 | D:4      | Reached skill level 6 in Axes
  2721 | D:4      | Reached skill level 5 in Armour
  2721 | D:4      | Reached XP level 6. HP: 14/53 MP: 5/5
  3025 | D:4      | Identified the +5 dagger of the Jocular God {flame, rC++}
  3139 | D:4      | Reached skill level 7 in Axes
  3350 | D:5      | Entered Level 5 of the Dungeon
  3368 | D:5      | Reached skill level 5 in Fighting
  3368 | D:5      | Reached XP level 7. HP: 45/61 MP: 6/6
  3515 | D:4      | Mangled by an ogre

Illustrated notes

Levels and vault maps discovered:
D:1:      ncdulo_watergridlock, layout_basic, basic_ecumenical_altar
D:2:      layout_rooms, minivault_4
D:3:      layout_basic, uniq_jessica
D:4:      layout_cave_pools, saegor_snake_ambush
D:5:      layout_basic, minmay_temple_entry_mist, nicolae_nh_ransacked_shop

Skill      XL: |  1  2  3  4  5  6 |
---------------+-------------------+-----
Fighting       | 4 5 |  5.0
Armour         | 4 5 |  5.4
Shields        | 4 |  4.6
Axes           | 3 4 6 7 |  7.4

Action                     |  1- 3 |  4- 6 |  7- 9 || total
---------------------------+-------+-------+-------++-------
  Melee: War axe           |    58 |    79 |    12 ||   149
         Headbutt          |     6 |    12 |     1 ||    19
    Use: Scroll            |       |     7 |       ||     7
 Armour: Scale mail        |    51 |    61 |    17 ||   129
  Dodge: Dodged            |    39 |    39 |     6 ||    84
  Block: Buckler           |    12 |    16 |     7 ||    35
